% Time on Ice - PHOENIX MUSTANGS
Lines # - Real PCT - Wanted PCT - Time Play
Normal Forward
1 - 37% - 36% - 19:46
2 - 32% - 31% - 17:05
3 - 24% - 25% - 13:07
4 - 7% - 8% - 3:52
Normal Defense
1 - 33% - 36% - 17:30
2 - 30% - 31% - 16:09
3 - 24% - 23% - 13:05
4 - 13% - 10% - 7:06
PP Forward
1 - 87% - 60% - 1:55
2 - 13% - 40% - 0:17
PP Defense
1 - 23% - 55% - 0:30
2 - 77% - 45% - 1:42
PK Forward
1 - 84% - 55% - 3:19
2 - 16% - 45% - 0:39
PK Defense
1 - 53% - 55% - 2:05
2 - 47% - 45% - 1:53
PK3 Forward
1 - 0% - 55%
2 - 0% - 45%
PK3 Defense
1 - 0% - 55%
2 - 0% - 45%
44 Forward
1 - 0% - 55%
2 - 0% - 45%
44 Defense
1 - 0% - 55%
2 - 0% - 45%
Last Minute Offensive  - 0:00
Last Minute Defensive  - 0:00
Total
Forward - 60:00
Defense - 60:00
% Time on Ice - TEXAS TOROS
Lines # - Real PCT - Wanted PCT - Time Play
Normal Forward
1 - 30% - 36% - 16:17
2 - 27% - 31% - 14:44
3 - 23% - 23% - 12:19
4 - 20% - 10% - 10:30
Normal Defense
1 - 32% - 36% - 17:20
2 - 32% - 31% - 17:19
3 - 30% - 23% - 16:03
4 - 6% - 10% - 3:08
PP Forward
1 - 49% - 55% - 1:57
2 - 51% - 45% - 2:01
PP Defense
1 - 58% - 55% - 2:17
2 - 42% - 45% - 1:41
PK Forward
1 - 64% - 55% - 1:24
2 - 36% - 45% - 0:48
PK Defense
1 - 61% - 55% - 1:21
2 - 39% - 45% - 0:51
PK3 Forward
1 - 0% - 55%
2 - 0% - 45%
PK3 Defense
1 - 0% - 55%
2 - 0% - 45%
44 Forward
1 - 0% - 55%
2 - 0% - 45%
44 Defense
1 - 0% - 55%
2 - 0% - 45%
Last Minute Offensive  - 0:00
Last Minute Defensive  - 0:00
Total
Forward - 60:00
Defense - 60:00
Play-by-Play 1st period 0:01 of 1st period - Andrew Copp wins face-off versus Eetu Luostarinen in neutral zone. 0:04 of 1st period - Shot by Christian Dvorak. 0:04 of 1st period - Stopped by Jakub Skarek without a rebound. 0:05 of 1st period - Connor Bunnaman wins face-off versus Kevin Hayes in TEXAS TOROS zone. 0:12 of 1st period - Icing by Jeremy Lauzon. 0:13 of 1st period - Kevin Hayes wins face-off versus Nikita Gusev in PHOENIX MUSTANGS zone. 0:40 of 1st period - Shot by Clayton Keller. 0:40 of 1st period - Shot Misses the Net. 0:49 of 1st period - Jordan Greenway is hit by Madison Bowey. 0:51 of 1st period - Shot by Clayton Keller. 0:51 of 1st period - Stopped by Jakub Skarek without a rebound. 0:52 of 1st period - Andrew Copp wins face-off versus Eetu Luostarinen in TEXAS TOROS zone. 1:07 of 1st period - Shot by Andrew Copp. 1:07 of 1st period - Shot Misses the Net. 2:10 of 1st period - Minor Penalty to Jake Virtanen for Tripping. 2:11 of 1st period - Jordan Greenway wins face-off versus Jason Zucker in TEXAS TOROS zone. 2:40 of 1st period - Shot by